Map: Taito Citadel LE

Players

Nicoract - Winner!

  • Race: Terran Terran
  • League: Grandmaster
  • Spawn Location: 5:00

Reynor

  • Race: Zerg Zerg
  • League: Master
  • Spawn Location: 11:00

VOD

Have the link to the VOD?

Description

Time

  • Played on: Nov. 24, 2025, 7:58 a.m.
  • Length: 8:17
Show
View Real Time Build Order
Export as new Build Order

Nicoract Terran - Winner!

Build Orders: Hellion Opening, Reaper Expand 

Get SALT Encoding   

  12  0:01  SCV  
  13  0:13  SCV  
  14  0:17  Supply Depot  
  14  0:25  SCV  
  15  0:39  SCV  
  15  0:40  Barracks  
  16  0:45  Refinery  
  16  0:51  SCV  
  17  1:03  SCV  
  18  1:15  SCV  
  19  1:27  Reaper, Orbital Command  
  20  1:38  Command Center  
  20  1:47  Supply Depot  
  20  1:53  SCV  
  21  1:59  Marine  
  22  2:05  SCV  
  23  2:10  Factory  
  23  2:17  SCV  
  23  2:18  Refinery  
  23  2:22  Barracks Reactor  
  24  2:29  SCV  
  25  2:42  SCV  
  26  2:51  Orbital Command  
  26  2:54  SCV  
  26  2:57  Starport  
  27  3:04  Hellion x2  
  31  3:07  SCV  
  31  3:10  Marine  
  33  3:19  SCV x2  
  35  3:26  Hellion x2  
  39  3:33  Supply Depot  
  39  3:34  Starport Tech Lab  
  39  3:35  Fusion Core  
  39  3:36  SCV  
  39  3:37  SCV  
  41  3:47  Hellion x2  
  45  3:49  SCV  
  45  3:55  Supply Depot, SCV  
  47  4:01  Supply Depot, SCV  
  48  4:08  Hellion  
  48  4:09  Hellion  
  52  4:10  SCV  
  52  4:13  SCV  
  54  4:21  Supply Depot  
  54  4:26  Battlecruiser  
  54  4:30  Hellion  
  62  4:34  Hellion  
  62  4:37  SCV  
  62  4:38  SCV  
  66  4:44  Supply Depot  
  66  4:49  Starport, SCV  
  67  4:53  SCV  
  67  4:55  Hellion  
  67  4:59  Hellion  
  72  5:01  SCV  
  72  5:05  SCV  
  74  5:07  Supply Depot  
  74  5:13  Refinery, SCV  
  75  5:14  Refinery  
  75  5:16  Hellion  
  75  5:19  SCV  
  75  5:20  Hellion  
  80  5:25  SCV  
  80  5:26  Supply Depot  
  80  5:28  Starport Tech Lab  
  81  5:38  Battlecruiser  
  84  5:50  SCV x2  
  81  5:57  Hellion  
  81  5:58  Hellion  
  77  6:05  Battlecruiser  
  79  6:15  SCV x2  
  78  6:19  Hellion x2  
  78  6:23  Supply Depot  
  82  6:40  SCV x2, Hellion x2  
  82  6:42  Battlecruiser  
  92  7:02  Hellion  
  92  7:05  Command Center  
  94  7:16  Hellion  
  96  7:23  Hellion  
  102  7:42  Hellion  
  101  7:45  Hellion  
  97  7:54  Supply Depot  
  97  7:55  Supply Depot  
Show
View Real Time Build Order
Export as new Build Order

Reynor Zerg 

Build Orders: Hatch First 

Get SALT Encoding   

  12  0:00  Drone  
  13  0:07  Drone  
  14  0:14  Extractor  
  14  0:15  Drone  
  15  0:21  Overlord  
  15  0:40  Drone  
  16  0:48  Hatchery  
  16  0:49  Drone  
  16  0:52  Drone  
  16  0:56  Drone  
  18  1:06  Extractor  
  17  1:11  Spawning Pool  
  17  1:15  Drone  
  17  1:18  Drone  
  18  1:26  Drone  
  19  1:37  Drone  
  20  1:49  Drone  
  21  1:59  Queen  
  21  2:00  Zergling x4, Queen  
  27  2:13  Overlord  
  27  2:14  Drone  
  28  2:28  Drone  
  28  2:31  Drone  
  28  2:32  Drone x2  
  28  2:35  Queen x2  
  35  2:40  Metabolic Boost  
  35  2:46  Overlord  
  35  2:49  Drone  
  36  3:03  Overlord  
  36  3:06  Drone x2  
  36  3:09  Drone x5  
  43  3:16  Drone  
  44  3:24  Hatchery  
  44  3:25  Drone  
  44  3:28  Drone  
  44  3:30  Drone  
  46  3:35  Overlord  
  46  3:42  Queen  
  46  3:48  Overlord  
  48  3:54  Drone x2  
  48  3:55  Drone x3  
  53  4:02  Evolution Chamber  
  52  4:05  Zergling x8  
  52  4:07  Lair  
  52  4:09  Drone  
  57  4:11  Drone  
  57  4:15  Extractor  
  57  4:18  Overlord, Queen  
  57  4:23  Overlord  
  58  4:26  Drone x2  
  58  4:29  Drone  
  61  4:32  Zergling x2, Roach Warren  
  61  4:36  Zergling x6  
  61  4:38  Drone  
  65  4:44  Drone  
  66  4:51  Overlord  
  66  4:52  Drone x2  
  67  5:01  Drone x3  
  67  5:02  Drone x2  
  67  5:04  Drone  
  71  5:09  Spore Crawler x2, Drone x2  
  71  5:14  Spore Crawler  
  71  5:19  Roach  
  71  5:20  Overseer  
  71  5:21  Roach x2  
  76  5:25  Drone x3  
  76  5:26  Roach  
  81  5:30  Queen  
  82  5:37  Roach x4  
  82  5:39  Overlord  
  80  5:45  Zergling x2, Roach x2  
  79  5:51  Zergling x2, Roach  
  79  5:52  Zergling x2  
  75  5:59  Queen  
  75  6:02  Drone x2  
  68  6:06  Drone x2  
  68  6:10  Queen  
  68  6:11  Drone x3  
  69  6:12  Overseer  
  69  6:13  Drone  
  69  6:16  Drone  
  68  6:20  Drone x2  
  68  6:21  Drone  
  71  6:28  Overlord  
  71  6:29  Queen  
  73  6:38  Queen  
  73  6:39  Roach x3  
  81  6:45  Evolution Chamber, Spore Crawler  
  75  6:47  Ravager  
  75  6:50  Drone  
  75  6:51  Drone  
  75  6:52  Spore Crawler  
  73  6:56  Overlord  
  73  6:58  Queen  
  76  7:05  Spore Crawler  
  75  7:11  Drone x3  
  75  7:12  Drone x2  
  75  7:14  Spire  
  79  7:15  Extractor  
  79  7:21  Queen  
  77  7:25  Drone, Spore Crawler  
  76  7:32  Roach x3  
  78  7:38  Extractor  
  78  7:43  Drone x2  
  74  7:47  Drone  
  67  8:02  Spire  
  67  8:03  Drone x3  
Tags
 
Add a new tag
Caveats
  • Supply blocks, unpowered buildings, or Contaminate may cause inaccurate times.
  • Supply counts are checked every 10 seconds.